Map: Abyssal Reef LE

Players

PtitDrogo - Winner!

  • Race: Protoss Protoss
  • Spawn Location: 5:00

Seither

  • Race: Terran Terran
  • Spawn Location: 11:00

Event: WCS Jonkoping 2017

VOD

Have the link to the VOD?

Description

Time

  • Played on: June 17, 2017, 1:30 p.m.
  • Length: 12:39

All games in this series

Show
View Real Time Build Order
Export as new Build Order

PtitDrogo Protoss - Winner!

Build Orders: Oracle Opening, Phoenix Opening 

Get SALT Encoding   

  12  0:01  Probe (Chrono Boost)  
  13  0:11  Probe (Chrono Boost)  
  14  0:17  Pylon  
  14  0:22  Probe (Chrono Boost)  
  15  0:35  Probe (Chrono Boost)  
  16  0:36  Gateway  
  16  0:41  Assimilator  
  16  0:45  Probe (Chrono Boost)  
  17  0:51  Assimilator  
  17  0:56  Probe (Chrono Boost)  
  18  1:07  Probe (Chrono Boost)  
  19  1:17  Probe (Chrono Boost)  
  20  1:23  Cybernetics Core  
  20  1:28  Probe (Chrono Boost)  
  20  1:30  Pylon  
  21  1:38  Probe (Chrono Boost)  
  22  1:49  Probe (Chrono Boost)  
  23  2:00  Mothership Core (Chrono Boost)  
  25  2:02  Stargate  
  25  2:03  Adept (Chrono Boost)  
  27  2:30  Nexus  
  27  2:35  Pylon  
  27  2:36  Probe  
  28  2:37  Warp Gate  
  28  2:46  Oracle (Chrono Boost)  
  31  2:53  Probe  
  32  3:02  Adept  
  34  3:05  Probe  
  35  3:17  Probe  
  36  3:20  Oracle (Chrono Boost)  
  39  3:41  Probe x2  
  41  3:52  Probe, Phoenix (Chrono Boost)  
  41  3:53  Probe  
  45  4:00  Pylon  
  45  4:02  Probe  
  45  4:05  Probe  
  47  4:13  Probe  
  48  4:18  Probe  
  48  4:23  Probe, Nexus  
  49  4:25  Pylon, Phoenix (Chrono Boost)  
  49  4:30  Probe  
  53  4:34  Probe  
  54  4:42  Probe  
  54  4:44  Probe  
  48  4:53  Gateway  
  48  4:54  Probe  
  48  4:55  Gateway  
  48  4:57  Probe, Stalker, Assimilator  
  48  4:59  Assimilator  
  52  5:03  Oracle (Chrono Boost)  
  55  5:08  Twilight Council  
  55  5:09  Probe  
  55  5:11  Probe  
  57  5:17  Forge  
  57  5:21  Probe x2  
  57  5:27  Adept  
  61  5:32  Probe  
  61  5:33  Probe  
  61  5:34  Probe, Phoenix (Chrono Boost)  
  66  5:44  Probe, Gateway  
  66  5:45  Gateway  
  66  5:48  Resonating Glaives  
  66  5:49  Protoss Ground Weapons Level 1 (Chrono Boost)  
  67  5:53  Probe  
  67  5:55  Phoenix (Chrono Boost)  
  70  6:03  Probe  
  70  6:04  Probe  
  70  6:05  Probe  
  70  6:07  Adept  
  70  6:08  Sentry, Gateway  
  70  6:11  Adept  
  79  6:14  Probe  
  80  6:19  Probe, Phoenix (Chrono Boost)  
  80  6:25  Pylon  
  83  6:26  Pylon  
  83  6:28  Stalker  
  83  6:37  Adept  
  85  6:43  Probe, Phoenix (Chrono Boost)  
  87  6:54  Probe  
  87  6:55  Stalker  
  87  7:00  Adept x2  
  92  7:02  Probe  
  92  7:04  Probe  
  92  7:05  Phoenix (Chrono Boost)  
  92  7:06  Probe  
  97  7:10  Gateway  
  97  7:11  Gateway  
  97  7:16  Adept x2  
  101  7:27  Probe  
  101  7:29  Phoenix (Chrono Boost)  
  98  7:30  Probe x2  
  98  7:36  Adept x3  
  101  7:38  Photon Cannon  
  101  7:41  Robotics Facility  
  101  7:42  Assimilator  
  101  7:43  Adept x2  
  101  7:46  Assimilator  
  101  7:51  Oracle (Chrono Boost)  
  96  8:01  Probe x2  
  96  8:05  Photon Cannon  
  98  8:08  Probe, Protoss Ground Weapons Level 2  
  99  8:13  Probe x2  
  101  8:22  Probe  
  101  8:25  Probe  
  96  8:28  Pylon  
  96  8:29  Observer (Chrono Boost), Pylon  
  96  8:31  Probe  
  96  8:34  Probe, Robotics Bay  
  98  8:36  Robotics Facility  
  98  8:40  Probe  
  100  8:49  Probe x2  
  100  8:54  Pylon, Nexus  
  102  9:02  Immortal (Chrono Boost)  
  102  9:04  Probe  
  107  9:17  Colossus (Chrono Boost)  
  107  9:22  Extended Thermal Lance (Chrono Boost)  
  113  9:34  Sentry  
  113  9:35  Pylon, Adept x3  
  121  9:39  Pylon  
  121  9:46  Pylon, Colossus  
  127  10:02  Colossus  
  127  10:06  Probe x4  
  137  10:17  Pylon  
  137  10:20  Pylon  
  137  10:21  Pylon  
  137  10:26  Probe x3  
  137  10:28  Blink  
  140  10:30  Protoss Ground Armor Level 1 (Chrono Boost), Pylon  
  140  10:34  Colossus  
  140  10:38  Pylon  
  140  10:39  Sentry, Adept x2  
  140  10:40  Stalker x3  
  140  10:41  Forge  
  158  10:45  Pylon  
  158  10:55  Warp Prism  
  150  10:57  Probe  
  150  10:58  Probe, Assimilator  
  150  10:59  Assimilator  
  154  11:06  Adept x8  
  170  11:12  Templar Archives  
  170  11:13  Photon Cannon  
  170  11:20  Probe  
  170  11:23  Probe  
  172  11:32  Stalker x5  
  178  11:53  Stalker x3  
  184  11:55  Stalker  
  184  11:56  Stalker x4  
  118  12:21  Stalker x7  
  118  12:22  Stalker  
Show
View Real Time Build Order
Export as new Build Order

Seither Terran 

Build Orders: Cyclone Opening, Reaper Expand, MMM Bio 

Get SALT Encoding   

  12  0:00  SCV  
  13  0:12  SCV  
  14  0:17  Supply Depot  
  14  0:24  SCV  
  15  0:30  Refinery  
  15  0:38  SCV  
  16  0:45  Barracks  
  16  0:50  SCV  
  17  1:02  SCV  
  18  1:15  SCV  
  19  1:32  Orbital Command, Reaper  
  20  1:46  Command Center  
  20  1:54  Factory  
  20  1:58  SCV  
  21  2:04  Refinery  
  21  2:07  Barracks Reactor  
  21  2:10  SCV  
  22  2:15  Supply Depot  
  22  2:22  SCV  
  23  2:36  Bunker  
  23  2:37  SCV  
  23  2:39  Cyclone  
  27  2:45  Marine x2  
  29  2:55  SCV  
  29  2:58  Orbital Command  
  29  3:07  Marine x2, SCV  
  32  3:14  Starport  
  32  3:21  Widow Mine  
  32  3:25  SCV x2  
  36  3:28  Marine  
  37  3:38  SCV x2, Supply Depot  
  39  3:47  Marine  
  39  3:48  Marine  
  40  3:59  Widow Mine  
  40  4:01  Viking  
  40  4:02  SCV x2  
  46  4:12  Barracks  
  46  4:14  Barracks  
  46  4:15  SCV x2  
  48  4:17  Marine x2  
  48  4:22  Supply Depot  
  50  4:27  SCV x2  
  50  4:31  Factory Tech Lab  
  52  4:33  Starport Tech Lab  
  52  4:37  Engineering Bay  
  52  4:39  Marine, SCV  
  52  4:43  Marine  
  51  4:47  SCV  
  51  4:51  SCV  
  47  4:59  SCV  
  48  5:02  Marine x2  
  48  5:03  SCV  
  51  5:10  Marine  
  51  5:11  Stimpack, Marine, Starport Reactor, Factory Reactor, SCV  
  54  5:15  Terran Infantry Weapons Level 1  
  54  5:17  SCV, Supply Depot  
  55  5:22  Supply Depot  
  55  5:23  Marine x2, SCV  
  55  5:24  Combat Shields  
  58  5:29  SCV  
  58  5:35  SCV, Supply Depot  
  59  5:36  Marine  
  59  5:37  Marine  
  59  5:42  SCV  
  63  5:44  Supply Depot  
  63  5:45  Marine x2  
  65  5:53  SCV  
  65  5:54  SCV  
  67  6:02  Missile Turret  
  67  6:03  Marine x2, Medivac, Missile Turret  
  67  6:04  Medivac  
  73  6:06  SCV  
  73  6:08  Widow Mine  
  76  6:12  Widow Mine  
  76  6:16  Supply Depot  
  76  6:17  SCV  
  80  6:18  SCV  
  80  6:20  Marine  
  80  6:21  Marine  
  82  6:28  Supply Depot  
  82  6:29  SCV  
  82  6:30  SCV  
  84  6:34  Marine  
  84  6:35  Marine  
  84  6:36  Medivac  
  84  6:37  Medivac  
  90  6:43  SCV x2  
  92  6:53  Marauder, Marine x2  
  92  6:54  Marauder  
  95  7:01  Command Center  
  95  7:02  SCV  
  96  7:11  Marine x2  
  96  7:15  SCV x2  
  97  7:17  Marauder x2  
  97  7:19  Medivac x2  
  92  7:30  Terran Infantry Armor Level 1  
  92  7:31  SCV x2, Barracks  
  92  7:32  Barracks  
  81  7:37  Marine x2  
  81  7:42  Widow Mine  
  85  7:44  Refinery  
  85  7:45  Refinery  
  85  7:51  SCV x2  
  85  7:55  Marauder, Marine x2  
  85  7:56  Marauder  
  90  8:05  SCV x2  
  87  8:13  Marine  
  87  8:14  Orbital Command  
  87  8:15  Widow Mine  
  87  8:16  Widow Mine  
  87  8:17  Marauder x2, SCV x2  
  98  8:20  Missile Turret  
  98  8:26  Marine x3  
  99  8:27  Bunker  
  99  8:31  Liberator, Marine, Supply Depot  
  99  8:32  SCV x2  
  99  8:33  Liberator  
  102  8:38  Marauder, Supply Depot  
  102  8:40  Marine, Supply Depot  
  101  8:42  SCV  
  101  8:44  Marine, SCV  
  110  8:58  Marauder, Marine  
  110  8:59  Barracks Reactor, Barracks Tech Lab  
  113  9:02  SCV  
  113  9:03  SCV x2  
  113  9:04  Engineering Bay  
  113  9:06  Armory  
  115  9:16  Marauder, Marine x2  
  119  9:19  Marauder  
  119  9:20  Refinery  
  119  9:21  Refinery  
  119  9:22  Liberator  
  120  9:26  Fusion Core, SCV x3, Starport  
  120  9:30  Supply Depot  
  123  9:31  Supply Depot  
  123  9:34  Liberator  
  123  9:37  Marauder  
  125  9:45  Command Center  
  126  9:50  SCV x3  
  132  9:57  Marine  
  132  9:58  Marine x4  
  132  9:59  Marauder, Terran Infantry Weapons Level 2  
  139  10:05  Starport Tech Lab  
  137  10:08  Supply Depot  
  137  10:09  SCV x2  
  137  10:10  Supply Depot  
  139  10:15  Terran Infantry Armor Level 2  
  139  10:16  Marine  
  139  10:17  Marauder x2  
  139  10:20  Marauder  
  146  10:24  Supply Depot x2  
  146  10:28  Liberator, Advanced Ballistics  
  144  10:33  Missile Turret  
  144  10:35  Marine x2  
  144  10:36  Marine  
  144  10:38  Marauder x2  
  144  10:41  Marauder  
  153  10:43  Liberator x2, Missile Turret  
  156  10:51  Barracks  
  156  10:53  Barracks  
  156  10:54  Barracks  
  159  11:11  Missile Turret  
  159  11:12  Sensor Tower  
  159  11:14  Marauder x3, Marine x2  
  159  11:18  Liberator  
  167  11:22  Refinery  
  167  11:24  Marine x2, Refinery  
  169  11:25  Liberator  
  169  11:28  Ghost Academy  
  167  11:38  Liberator  
  170  11:48  Marine  
  170  11:49  Marauder  
  173  11:55  Barracks Reactor, Barracks Tech Lab x2, Marauder x2  
  173  11:58  Planetary Fortress  
  180  12:04  Command Center  
  180  12:05  Marine  
  180  12:06  Marine  
  146  12:10  Marauder  
  146  12:14  SCV x2  
  112  12:16  Marauder x2  
  112  12:19  Marine x4  
Tags
 
Add a new tag
Caveats
  • Supply blocks, unpowered buildings, or Contaminate may cause inaccurate times.
  • Supply counts are checked every 10 seconds.